Map: Lightshade LE

Players

Serral - Winner!

  • Race: Zerg Zerg
  • League: Grandmaster
  • Spawn Location: 5:00

uwuThermal (uThermal)

  • Race: Terran Terran
  • Spawn Location: 11:00

Event: DreamHack SC2 Masters 2020 Winter

VOD

Have the link to the VOD?

Description

Time

  • Played on: Oct. 22, 2020, 1:39 p.m.
  • Length: 8:59

All games in this series

Show
View Real Time Build Order
Export as new Build Order

Serral Zerg - Winner!

Build Orders: Pool First 

Get SALT Encoding   

  12  0:00  Drone  
  13  0:12  Overlord  
  13  0:16  Drone  
  14  0:31  Drone x2  
  14  0:34  Drone  
  17  0:44  Extractor  
  17  0:46  Drone  
  17  0:48  Spawning Pool  
  16  0:55  Drone  
  17  1:06  Drone  
  18  1:16  Hatchery  
  17  1:20  Drone  
  18  1:35  Queen, Zergling x2  
  18  1:38  Zergling x2  
  22  1:46  Metabolic Boost  
  22  1:51  Overlord  
  22  2:10  Drone, Queen  
  22  2:11  Drone  
  26  2:22  Drone  
  27  2:28  Drone, Queen  
  30  2:32  Drone  
  31  2:39  Drone  
  31  2:42  Overlord  
  31  2:43  Drone x2  
  34  2:44  Drone  
  34  2:51  Drone  
  36  3:03  Hatchery  
  35  3:07  Overlord  
  35  3:09  Drone  
  37  3:12  Drone  
  37  3:13  Drone  
  37  3:18  Drone  
  39  3:21  Drone x2  
  39  3:22  Drone  
  42  3:28  Roach Warren  
  42  3:30  Drone  
  42  3:32  Drone  
  43  3:38  Queen  
  45  3:41  Overlord  
  45  3:45  Drone  
  47  3:48  Drone x2  
  47  3:50  Drone  
  47  3:53  Overlord  
  49  3:56  Overlord  
  49  3:59  Zergling x2  
  50  4:08  Roach x4  
  58  4:10  Roach  
  58  4:16  Roach  
  62  4:20  Zergling x6  
  62  4:21  Spore Crawler  
  62  4:23  Zergling x4  
  66  4:29  Overlord  
  66  4:35  Zergling x4  
  66  4:36  Zergling x2  
  69  4:41  Overlord  
  64  4:51  Zergling x16  
  67  5:05  Ravager x3  
  67  5:06  Zergling x12  
  72  5:13  Drone x2  
  71  5:19  Drone x3  
  71  5:21  Drone  
  71  5:25  Drone  
  71  5:30  Ravager  
  71  5:39  Drone x3  
  70  5:44  Zergling x6  
  70  5:47  Drone x3  
  70  5:48  Lair  
  71  5:55  Drone  
  71  5:56  Drone x2  
  71  5:57  Overlord  
  71  5:59  Drone x2  
  71  6:02  Drone x2  
  75  6:06  Extractor  
  75  6:07  Extractor  
  73  6:11  Queen x2  
  73  6:14  Zergling x4  
  73  6:18  Hatchery  
  78  6:19  Drone  
  78  6:20  Drone x2  
  78  6:21  Baneling Nest  
  78  6:22  Drone x2  
  78  6:23  Drone  
  83  6:26  Drone x2  
  83  6:29  Drone, Ravager  
  83  6:30  Drone x2  
  89  6:35  Overlord  
  87  6:42  Drone  
  87  6:45  Drone x4  
  87  6:46  Drone x2  
  90  6:48  Drone  
  90  6:50  Drone x3  
  90  6:53  Extractor x2  
  92  6:55  Overseer  
  92  6:56  Evolution Chamber  
  92  7:00  Evolution Chamber  
  90  7:02  Zergling x10  
  90  7:05  Centrifical Hooks  
  95  7:09  Roach x2  
  95  7:12  Roach  
  101  7:18  Roach x2  
  105  7:23  Zergling x2  
  105  7:25  Overlord x4  
  105  7:29  Queen  
  106  7:31  Zergling x8  
  112  7:40  Overlord x2  
  112  7:41  Overlord  
  112  7:47  Drone x3  
  112  7:48  Drone, Extractor  
  112  7:49  Drone  
  116  7:53  Zergling x12  
  116  7:57  Ravager x4  
  126  8:05  Drone  
  126  8:06  Drone x2  
  126  8:07  Zergling x10  
  134  8:16  Drone x2  
  134  8:17  Extractor, Infestation Pit  
  134  8:20  Drone  
  134  8:21  Drone  
  134  8:22  Drone  
  134  8:24  Drone x2  
  134  8:25  Drone x3  
  134  8:26  Zergling x12, Overseer  
  148  8:30  Ravager  
  148  8:33  Overlord  
  149  8:34  Baneling x5  
  149  8:35  Baneling x3  
  149  8:36  Zergling x4  
  151  8:42  Overseer  
  151  8:43  Spore Crawler  
  151  8:45  Baneling x12  
  157  8:52  Hatchery  
Show
View Real Time Build Order
Export as new Build Order

uwuThermal Terran 

Build Orders: Hellion Opening 

Get SALT Encoding   

  12  0:00  SCV  
  13  0:12  SCV  
  14  0:17  Supply Depot  
  14  0:24  SCV  
  14  0:27  Refinery  
  15  0:38  SCV  
  16  0:44  Barracks  
  16  0:50  SCV  
  17  1:03  SCV  
  18  1:15  SCV  
  19  1:31  Barracks Reactor  
  19  1:32  Orbital Command  
  19  1:42  Command Center  
  19  1:52  Supply Depot  
  19  1:57  SCV  
  20  2:07  Marine x2  
  22  2:09  SCV  
  22  2:12  Factory  
  23  2:22  SCV  
  24  2:25  Marine x2  
  26  2:34  SCV  
  27  2:43  Marine x2  
  29  2:46  SCV  
  30  2:56  Orbital Command  
  30  2:57  Starport  
  30  2:58  SCV  
  31  3:04  Hellion x2  
  35  3:10  SCV  
  35  3:12  Supply Depot  
  35  3:14  Marine  
  36  3:21  SCV  
  36  3:22  SCV  
  36  3:25  Hellion  
  36  3:26  Hellion  
  42  3:33  SCV  
  42  3:34  Medivac, SCV  
  45  3:37  Supply Depot  
  45  3:39  Marine  
  47  3:45  SCV  
  47  3:46  SCV  
  49  3:49  Hellion  
  49  3:50  Hellion  
  53  3:57  SCV  
  53  3:59  SCV  
  53  4:00  Barracks Tech Lab  
  55  4:11  Command Center  
  55  4:15  SCV x2, Supply Depot  
  57  4:22  Marine, Refinery  
  57  4:23  Refinery  
  58  4:24  Stimpack  
  58  4:26  Starport Reactor  
  58  4:27  SCV  
  58  4:29  SCV  
  60  4:35  Factory Tech Lab  
  59  4:39  SCV  
  59  4:41  SCV  
  59  4:43  Marauder  
  61  4:46  Bunker  
  61  4:51  SCV  
  60  4:53  SCV  
  56  5:02  Siege Tank  
  56  5:03  SCV  
  56  5:04  Marine  
  56  5:05  SCV  
  58  5:12  Command Center  
  56  5:19  SCV  
  56  5:21  SCV  
  53  5:22  Marine  
  52  5:32  Barracks  
  52  5:33  Barracks  
  48  5:44  SCV, Marine  
  48  5:47  Siege Tank  
  48  5:49  SCV  
  41  5:56  SCV  
  39  6:01  SCV  
  39  6:02  Marine  
  37  6:08  SCV  
  38  6:12  Refinery, Engineering Bay  
  38  6:13  SCV  
  38  6:14  Engineering Bay, Starport Reactor  
  39  6:19  Combat Shield  
  39  6:20  Marine, SCV  
  39  6:24  Orbital Command  
  41  6:26  SCV  
  41  6:27  Barracks  
  41  6:28  Barracks  
  41  6:32  SCV  
  43  6:33  Siege Tank, Marine  
  43  6:37  Marine x2  
  43  6:38  Marine x2, SCV  
  52  6:44  SCV  
  46  6:50  SCV  
  46  6:51  Marine  
  46  6:53  SCV  
  48  6:55  Marine x2  
  48  6:59  Terran Infantry Armor Level 1, Terran Infantry Weapons Level 1  
  48  7:00  SCV  
  51  7:02  SCV  
  51  7:05  Marine  
  54  7:09  Marine x2  
  54  7:13  SCV  
  54  7:14  SCV, Starport Reactor  
  54  7:15  Supply Depot  
  57  7:16  Barracks Reactor  
  57  7:22  Marine  
  58  7:23  Supply Depot, Marine  
  58  7:25  SCV  
  58  7:27  Orbital Command  
  58  7:29  SCV  
  61  7:36  Marine x2  
  63  7:37  SCV, Siege Tank, Marine  
  63  7:39  Marine  
  69  7:44  Marine  
  69  7:46  Supply Depot  
  69  7:47  Marine  
  69  7:49  Supply Depot  
  69  7:50  SCV x2  
  73  7:52  Marine  
  73  7:53  Marine  
  73  7:57  Marine  
  77  8:02  Marine  
  77  8:07  Marine x3, Medivac x2  
  77  8:09  Marine  
  85  8:13  Supply Depot  
  85  8:14  Marine  
  85  8:15  Armory  
  85  8:19  Siege Tank  
  89  8:20  Marine x2  
  89  8:21  Marine  
  89  8:25  Marine  
  93  8:31  Supply Depot  
  93  8:34  Marine x3, Supply Depot  
  93  8:35  SCV  
  93  8:37  SCV x2  
  93  8:40  Marine x2  
  101  8:54  Supply Depot  
Tags
 
Add a new tag
Caveats
  • Supply blocks, unpowered buildings, or Contaminate may cause inaccurate times.
  • Supply counts are checked every 10 seconds.